 Dungeon Crawl Stone Soup version 0.29.1-13-g9f3cf754e1 (webtiles) character file.

Game seed: 16104414507944817562

471 zeram the Cudgeller (level 6, -3/59 HPs)
             Began as a Troll Fighter on Feb 2, 2023.
             Slain by a water moccasin (4 damage)
             ... on level 5 of the Dungeon.
             The game lasted 00:06:26 (3199 turns).

zeram the Cudgeller (Troll Fighter)                 Turns: 3199, Time: 00:06:27

Health: -3/59      AC:  5    Str: 27    XL:     6   Next: 83%
Magic:  5/5        EV: 10    Int:  4    God:
Gold:   142        SH:  0    Dex:  9    Spells: 5/5 levels left

rFire   . . .      SeeInvis .   o - +0 giant spiked club
rCold   . . .      Faith    .   (shield currently unavailable)
rNeg    . . .      Spirit   .   b - +1 robe
rPois   .          Reflect  .   (helmet restricted)
rElec   .          Harm     .   (no cloak)
rCorr   .          Rampage  .   (gloves unavailable)
Will    .....                   (boots unavailable)
Stlth   +.........              (no amulet)
HPRegen 0.99/turn               (no ring)
MPRegen 0.09/turn               (no ring)

@: lethally poisoned (-3 -> -13)
A: large, unfitting armour, claws 3, regeneration 1, shaggy fur 1, tough skin 1
a: no special abilities


You were on level 5 of the Dungeon.
You visited 1 branch of the dungeon, and saw 5 of its levels.

You collected 239 gold pieces.
You spent 97 gold pieces at shops.

Inventory:

Hand Weapons
 o - a +0 giant spiked club (weapon)
Armour
 b - a +1 robe (worn)
Scrolls
 h - 3 scrolls of enchant weapon
 i - a scroll of fear
 k - a scroll of blinking
 l - a scroll of summoning
 m - a scroll of enchant armour
Potions
 d - 2 potions of might
 e - 3 potions of lignification {unknown}
 f - 5 potions of haste
 g - a potion of curing {unknown}
 j - a potion of flight {unknown}
 p - 2 potions of mutation
 q - a potion of cancellation
 s - a potion of attraction {unknown}


   Skills:
 - Level 2.4 Fighting
 + Level 5.0 Maces & Flails
 + Level 4.7 Dodging
 - Level 2.6 Shields


You had 5 spell levels left.
You didn't know any spells.
Your spell library contained the following spells:

 Spells                   Type           Power      Damage    Failure   Level
 Shock                    Conj/Air       0%         1d3       50%         1
 Gell's Gravitas          Tloc           0%         N/A       86%         3
 Lesser Beckoning         Tloc           0%         N/A       86%         3
 Swiftness                Air            0%         N/A       86%         3
 Teleport Other           Tloc           0%         N/A       86%         3
 Airstrike                Air            0%         2d(0-16)  99%         4


Dungeon Overview and Level Annotations

Branches:
Dungeon (5/15)
 Temple: D:4-7

Altars:
Trog
Uskayaw
Wu Jian
Yredelemnul

Shops:
D:4 ?   D:5 (


Innate Abilities, Weirdness & Mutations

You are too large for most types of armour.
You have claws for hands.
Your natural rate of healing is unusually fast.
You are covered in fur. (AC +1)
You have tough skin. (AC +1)


Message History

You feel very sick.
The water moccasin bites you but does no damage.
The water moccasin misses you.
You closely miss the water moccasin.
The water moccasin is severely wounded.
You feel very sick.
The water moccasin bites you but does no damage.
The water moccasin barely misses you. The water moccasin misses you.
You barely miss the water moccasin.
The water moccasin is severely wounded.
You feel sick. The water moccasin bites you!
You are more poisoned.
The water moccasin poisons you!
The water moccasin bites you but does no damage.
You barely miss the water moccasin.
The water moccasin is severely wounded.
You feel extremely sick. The water moccasin barely misses you.
The water moccasin bites you but does no damage.
You barely miss the water moccasin.
The water moccasin is severely wounded.
You feel very sick.
The water moccasin barely misses you. x2
You closely miss the water moccasin.
The water moccasin is severely wounded.
You feel very sick. The water moccasin closely misses you.
The water moccasin bites you but does no damage.
You closely miss the water moccasin.
The water moccasin is severely wounded.
You feel sick. The water moccasin bites you.
* * * LOW HITPOINT WARNING * * *
You are lethally poisoned!
The water moccasin poisons you! The water moccasin bites you.
* * * LOW HITPOINT WARNING * * *
It was a potion of magic.
Magic courses through your body.
* * * LOW HITPOINT WARNING * * *
You feel very sick. The water moccasin bites you.
You die...

##.S## ##..## ##..##
#..## ##.## #..# #######
#..## #.....#
##..####.....# #
##..#.S@.<..# ##
##.........# ##.
#....∩....## ###..
#.......#..#######...#
#....>...†##..........##
#..#..........##########
####........###
##########


You could see a water moccasin.

Vanquished Creatures
  An ogre (D:5)
  A scorpion (D:5)
  An orc priest (D:4)
  2 iguanas
  5 orc wizards (D:3)
  4 adders
  2 worms
  A dart slug (D:1)
  7 orcs
  5 bats
  5 endoplasms
  3 giant cockroaches
  8 hobgoblins
  4 jackals (D:3)
  2 quokkas
  6 ball pythons
  4 frilled lizards
  10 goblins
  5 kobolds
  6 rats
82 creatures vanquished.

Notes
Turn   | Place    | Note
-------+----------+-------------------------------------------
     0 | D:1      | zeram the Troll Fighter began the quest for the Orb.
     0 | D:1      | Reached XP level 1. HP: 22/22 MP: 0/0
   158 | D:1      | Reached skill level 2 in Maces & Flails
   158 | D:1      | Reached XP level 2. HP: 27/29 MP: 1/1
   608 | D:2      | Reached XP level 3. HP: 21/36 MP: 2/2
  1198 | D:3      | Found a faded altar of an unknown god.
  1252 | D:3      | Reached XP level 4. HP: 44/44 MP: 3/3
  1288 | D:3      | Found an ornate altar of the Wu Jian Council.
  1336 | D:3      | Reached skill level 3 in Maces & Flails
  1816 | D:3      | Found a basalt altar of Yredelemnul.
  1855 | D:3      | Found a hide-covered altar of Uskayaw.
  1862 | D:3      | Reached XP level 5. HP: 43/50 MP: 4/4
  1973 | D:3      | Reached skill level 4 in Maces & Flails
  2038 | D:3      | Reached XP level 6. HP: 37/59 MP: 5/5
  2200 | D:4      | Found a bloodstained altar of Trog.
  2253 | D:4      | Found Civunukh's Magic Scroll Emporium.
  2271 | D:4      | Bought a scroll of blinking for 97 gold pieces
  3080 | D:5      | Entered Level 5 of the Dungeon
  3132 | D:5      | Found Mivesi's Antique Weapon Shoppe.
  3164 | D:5      | Reached skill level 5 in Maces & Flails
  3172 | D:5      | Noticed a water moccasin
  3199 | D:5      | HP: 1/59 [poisoned by a water moccasin]
  3199 | D:5      | Slain by a water moccasin

Illustrated notes

Levels and vault maps discovered:
D:1:      psy_arrival_whirlpool, layout_basic, minmay_surrounded
D:2:      layout_basic, minmay_cut_off
D:3:      layout_rooms, marbit_many_paths, mainiacjoe_overflow_boulevard,
          general_overflow_altar, shapermc_ecumenical_altar_pompeii,
          minmay_starry_boxes
D:4:      layout_layer_cave, trog_book, serial_shops, nicolae_shop_trees
D:5:      layout_layer_cave, nicolae_hepliaklqana_ecumenical_no_more,
          grunt_temple_overflow_open, hangedman_decor_clover_reticule,
          chequers_serial_rivers_micro_b, nicolae_stop_n_shop_1

Skill      XL: |  1  2  3  4  5  6 |
---------------+-------------------+-----
Maces & Flails | 2 3 4 5 |  5.0
Dodging        | 3 4 |  4.7
Fighting       | |  2.4
Shields        | |  2.6

Action                   |  1- 3 |  4- 6 || total
-------------------------+-------+-------++-------
Melee: Flail             |   113 |   192 ||   305
       Giant spiked club |       |    12 ||    12
  Use: Scroll            |    10 |     1 ||    11
       Potion            |       |     3 ||     3
Armor: Robe              |    49 |    84 ||   133
Dodge: Dodged            |    43 |    75 ||   118
Block: Kite shield       |    40 |    53 ||    93
